Map: Glittering Ashes LE

Players

Serral - Winner!

  • Race: Zerg Zerg
  • League: Master

AGOElazer (Elazer)

  • Race: Zerg Zerg
  • League: Master

Event: DreamHack SC2 Masters Last Chance 2022

VOD

Have the link to the VOD?

Description

Time

  • Played on: Dec. 17, 2021, 1:09 p.m.
  • Length: 9:18

All games in this series

Show
View Real Time Build Order
Export as new Build Order

Serral Zerg - Winner!

Build Orders: Hatch First 

Get SALT Encoding   

  12  0:00  Drone  
  13  0:12  Overlord  
  13  0:16  Drone  
  14  0:30  Drone x2  
  16  0:46  Hatchery  
  15  0:51  Drone  
  15  0:54  Drone  
  17  0:58  Drone  
  18  1:09  Extractor  
  17  1:13  Spawning Pool  
  17  1:16  Drone  
  17  1:19  Drone  
  18  1:27  Drone  
  19  1:38  Drone  
  20  1:57  Drone  
  20  1:59  Queen x2  
  20  2:00  Zergling x2  
  20  2:01  Overlord  
  26  2:10  Drone x2  
  26  2:12  Metabolic Boost  
  28  2:20  Drone  
  28  2:21  Drone  
  30  2:32  Drone x2  
  32  2:38  Hatchery  
  32  2:42  Drone  
  32  2:45  Baneling Nest  
  32  2:49  Overlord  
  31  2:52  Drone  
  31  2:54  Drone  
  33  3:04  Queen  
  33  3:05  Zergling x2  
  36  3:08  Zergling x2  
  36  3:11  Drone x3  
  40  3:14  Zergling x2  
  40  3:17  Overlord  
  41  3:21  Drone  
  41  3:23  Zergling x2  
  41  3:24  Drone  
  44  3:27  Evolution Chamber  
  44  3:30  Drone  
  44  3:38  Drone  
  44  3:40  Drone x5  
  50  3:45  Drone x2  
  51  3:49  Extractor  
  51  3:50  Lair  
  50  3:58  Roach Warren  
  50  4:00  Zerg Missile Weapons Level 1  
  50  4:02  Drone  
  50  4:05  Overlord  
  50  4:06  Zergling x2  
  50  4:08  Drone  
  52  4:10  Drone  
  52  4:11  Drone  
  52  4:15  Drone x2  
  56  4:20  Drone x3, Extractor  
  56  4:24  Zergling x2  
  59  4:25  Drone x2  
  59  4:26  Drone  
  59  4:27  Drone  
  59  4:29  Drone  
  63  4:32  Overlord  
  63  4:41  Drone x2  
  63  4:42  Drone  
  66  4:48  Extractor, Overlord  
  66  4:49  Drone x2, Glial Reconstitution, Extractor  
  66  4:51  Drone, Overlord  
  67  4:54  Overlord  
  67  4:59  Roach x2  
  73  5:00  Roach  
  73  5:02  Overlord  
  72  5:07  Roach  
  72  5:08  Overlord  
  72  5:10  Roach  
  76  5:14  Drone, Overlord  
  76  5:19  Roach x3  
  83  5:21  Baneling  
  83  5:28  Roach x5  
  93  5:34  Nydus Network  
  92  5:36  Roach x2  
  92  5:41  Roach x3  
  102  5:46  Roach x2  
  106  5:57  Roach x6  
  106  6:00  Queen  
  120  6:07  Queen  
  122  6:12  Nydus Canal  
  122  6:16  Overlord  
  122  6:17  Overlord  
  121  6:20  Overlord  
  121  6:22  Overlord  
  121  6:32  Queen  
  120  6:35  Roach x2  
  120  6:36  Queen, Roach  
  120  6:38  Roach x2  
  130  6:41  Roach  
  130  6:44  Nydus Canal  
  130  6:46  Roach  
  130  6:47  Roach  
  136  6:48  Roach  
  136  6:50  Roach  
  136  6:53  Queen  
  135  6:59  Nydus Canal  
  127  7:02  Zerg Ground Armor Level 1  
  127  7:06  Roach x2  
  127  7:07  Roach  
  127  7:08  Queen  
  119  7:16  Roach x4  
  119  7:20  Roach x2  
  131  7:24  Roach x2  
  131  7:27  Spore Crawler  
  131  7:28  Queen  
  128  7:31  Roach  
  122  7:42  Roach x2  
  122  7:43  Nydus Canal  
  120  7:44  Queen  
  120  7:46  Queen  
  114  7:54  Roach  
  114  7:55  Roach  
  112  7:58  Spore Crawler  
  112  8:01  Spore Crawler  
  112  8:04  Queen, Nydus Canal  
  114  8:05  Roach  
  114  8:07  Spore Crawler  
  114  8:08  Roach  
  114  8:09  Roach  
  114  8:12  Roach  
  119  8:14  Roach  
  119  8:16  Roach  
  116  8:20  Roach  
  116  8:24  Roach  
  116  8:25  Roach  
  114  8:28  Roach  
  114  8:32  Nydus Canal  
  114  8:35  Roach  
  114  8:37  Roach  
  118  8:41  Queen  
  118  8:47  Nydus Canal  
  122  8:57  Roach x4  
Show
View Real Time Build Order
Export as new Build Order

AGOElazer Zerg 

Build Orders: Hatch First 

Get SALT Encoding   

  12  0:00  Drone  
  13  0:12  Overlord  
  13  0:16  Drone  
  14  0:30  Drone x2  
  16  0:47  Hatchery  
  15  0:50  Drone  
  15  0:54  Drone  
  17  0:57  Drone  
  18  1:09  Extractor  
  17  1:12  Spawning Pool  
  17  1:15  Drone  
  17  1:19  Drone  
  18  1:28  Drone  
  19  1:38  Drone  
  20  1:50  Drone  
  21  1:59  Queen x2  
  21  2:00  Drone, Overlord  
  26  2:08  Metabolic Boost  
  26  2:10  Drone x2  
  28  2:20  Drone  
  28  2:21  Drone  
  30  2:31  Zergling x2  
  30  2:32  Zergling x2  
  32  2:37  Hatchery  
  32  2:43  Drone  
  32  2:44  Overlord  
  32  2:50  Baneling Nest  
  31  2:53  Drone  
  31  2:54  Drone  
  33  3:06  Drone  
  33  3:07  Drone x5  
  33  3:12  Queen  
  41  3:17  Overlord  
  41  3:25  Drone x2  
  41  3:26  Evolution Chamber  
  42  3:29  Zergling x4  
  44  3:34  Baneling  
  44  3:38  Zergling x4  
  45  3:41  Drone x4  
  45  3:43  Drone  
  45  3:45  Drone  
  51  3:49  Drone  
  51  3:51  Lair  
  52  3:56  Overlord  
  52  4:03  Roach Warren  
  52  4:04  Drone x2  
  52  4:05  Extractor x2  
  52  4:07  Drone x2  
  53  4:12  Zerg Melee Weapons Level 1  
  53  4:13  Drone  
  53  4:16  Drone x2  
  56  4:18  Drone x2  
  56  4:20  Drone  
  56  4:22  Overlord  
  59  4:25  Drone  
  59  4:26  Drone  
  61  4:32  Zergling x6  
  61  4:35  Drone  
  61  4:37  Overlord  
  65  4:41  Overlord  
  65  4:44  Extractor  
  64  4:46  Extractor  
  64  4:47  Extractor  
  64  4:50  Drone  
  64  4:51  Spire  
  64  4:52  Drone x4  
  66  4:55  Overlord  
  66  4:57  Drone x2  
  66  4:59  Drone  
  68  5:00  Drone  
  68  5:04  Drone x3  
  68  5:05  Drone  
  73  5:08  Drone  
  74  5:15  Drone x2  
  74  5:18  Drone  
  77  5:25  Drone x6  
  83  5:32  Overlord  
  83  5:34  Zergling x6  
  85  5:36  Zergling x2  
  85  5:38  Hatchery  
  85  5:43  Zergling x6  
  88  5:50  Overlord  
  88  6:00  Overlord  
  88  6:05  Evolution Chamber  
  88  6:08  Mutalisk x10  
  106  6:14  Mutalisk  
  108  6:19  Mutalisk  
  108  6:25  Overlord  
  110  6:26  Mutalisk  
  108  6:34  Mutalisk  
  97  6:42  Zergling x2  
  97  6:43  Zergling x24  
  82  6:57  Zergling x8  
  82  7:08  Baneling x2  
  75  7:18  Drone x6  
  77  7:28  Drone x7  
  84  7:36  Drone  
  84  7:37  Drone x2  
  74  7:47  Drone  
  74  7:48  Drone  
  65  7:51  Drone  
  65  7:54  Drone  
  65  7:56  Drone  
  67  8:05  Drone x3  
  65  8:31  Zergling x2  
  65  8:32  Zergling x12  
  70  8:35  Spine Crawler  
  70  8:36  Spine Crawler  
  70  8:39  Roach x2  
  72  8:41  Queen x2  
  76  8:50  Roach x3  
  82  8:56  Roach  

Tags
 
Add a new tag
Caveats
  • Supply blocks, unpowered buildings, or Contaminate may cause inaccurate times.
  • Supply counts are checked every 10 seconds.